 Dungeon Crawl Stone Soup version 0.24-a0-498-ge00f04a389 (webtiles) character file.

Game seed: 5668962638569422203

22923 Gargoyl the Envoy of Void (level 12, -1/104 HPs)
             Began as a Centaur Abyssal Knight on July 14, 2019.
             Was a High Priest of Lugonu.
             Slain by a crocodile (13 damage)
             ... on level 2 of the Lair of Beasts.
             The game lasted 00:26:38 (17810 turns).

Gargoyl the Envoy of Void (Centaur Abyssal Knight) Turns: 17810, Time: 00:26:39

Health: -1/104     AC: 18    Str: 17    XL:     12   Next: 67%
Magic:  19/19      EV:  4    Int: 11    God:    Lugonu [*****.]
Gold:   666        SH:  9    Dex: 12    Spells: 11/11 levels left

rFire    . . .     SeeInvis .   x - +4 hand axe (elec)
rCold    . . .     Gourm    .   l - +1 shield
rNeg     . . .     Faith    .   f - +1 plate armour
rPois    +         Spirit   .   i - +0 helmet
rElec    .         Reflect  .   e - +0 cloak
rCorr    .         Harm     .   j - +0 pair of gloves
MR       .....                  (no barding)
Stlth    ..........             r - amulet of the acrobat
HPRegen  0.67/turn              (no ring)
MPRegen  0.16/turn              (no ring)

@: very quick
A: large, hooves 3, rugged brown scales 1, deformed body, speed 2, poison
resistance, regeneration 1, tough skin 3
a: Depart the Abyss, Bend Space, Banish, Corrupt, Enter the Abyss, Renounce
Religion


You were on level 2 of the Lair of Beasts.
You worshipped Lugonu.
Lugonu was extremely pleased with you.
You were hungry.

You visited 2 branches of the dungeon, and saw 13 of its levels.
You visited the Abyss 1 time.

You collected 876 gold pieces.
You spent 210 gold pieces at shops.

Inventory:

Hand Weapons
 a - a +7 war axe
 n - a +0 broad axe
 x - a +4 hand axe of electrocution (weapon)
 z - a +2 hand axe of flaming
 A - a +4 war axe of freezing
Missiles
 o - 25 boomerangs (quivered)
Armour
 e - a +0 cloak (worn)
 f - a +1 plate armour (worn)
 i - a +0 helmet (worn)
 j - a +0 pair of gloves (worn)
 l - a +1 shield (worn)
Jewellery
 r - an amulet of the acrobat (around neck)
Wands
 s - a wand of polymorph (2)
 v - a wand of enslavement (9)
 y - a wand of paralysis (9)
Scrolls
 b - a scroll of blinking
 d - a scroll of fear
 g - 4 scrolls of identify
 h - 4 scrolls of teleportation
 k - 2 scrolls of magic mapping
 m - 10 scrolls of remove curse
 p - a scroll of fog
Potions
 q - a potion of might
 t - a potion of heal wounds
 u - 4 potions of curing
 w - a potion of ambrosia {unknown}
Comestibles
 c - 32 rations


   Skills:
 + Level 8.0 Fighting
 + Level 9.0(9.1) Axes
   Level 1.2(5.7) Maces & Flails
 + Level 5.2 Throwing
 * Level 9.5 Armour
 * Level 7.2 Dodging
 + Level 1.9 Shields
 * Level 10.5 Invocations


You had 11 spell levels left.
You didn't know any spells.
Your spell library contained the following spells:

 Spells                   Type           Power        Failure   Level  Hunger
 Magic Dart               Conj           #...         100%        1    ##.....
 Shock                    Conj/Air       #...         100%        1    ##.....
 Blink                    Tloc           N/A          100%        2    ###....
 Call Imp                 Summ           #.......     100%        2    ###....
 Slow                     Hex            #.......     100%        2    ###....
 Swiftness                Chrm/Air       #.......     100%        2    ###....
 Conjure Flame            Conj/Fire      #.......     100%        3    ####...
 Mephitic Cloud           Conj/Pois/Air  #.......     100%        3    ####...
 Static Discharge         Conj/Air       #.......     100%        3    ####...
 Airstrike                Air            #.........   100%        4    #####..
 Lightning Bolt           Conj/Air       #.........   100%        5    ######.


Dungeon Overview and Level Annotations

Branches:
Dungeon (10/15)            Temple (0/1) D:4            Lair (3/6) D:10
  Snake (0/4) Lair:2          Orc (0/2) D:10
  Swamp: Lair:2-4    Shoals: Lair:2-4

Altars:
Cheibriados
Dithmenos
Elyvilon
Gozag
Hepliaklqana
Kikubaaqudgha
Nemelex Xobeh
Sif Muna
Trog
Xom
Yredelemnul

Shops:
D:6 :   D:10 !

Annotations:
Abyss:1 Erica, Prince Ribbit


Innate Abilities, Weirdness & Mutations

You have hooves in place of feet.
Armour fits poorly on your strangely shaped body.
You cover ground very quickly.
You have extremely tough skin. (AC +3)
You are partially covered in rugged brown scales. (AC +1, +3% HP)
Your system is resistant to poisons. (rPois)
Your natural rate of healing is unusually fast.


Message History

The spiny frog is severely wounded.
You closely miss the crocodile. The spiny frog stings you!
You block the crocodile's attack.
You barely miss the spiny frog.
The spiny frog is severely wounded.
Your plate armour prevents you from hitting the crocodile.
The spiny frog stings you! The crocodile bites you! The spiny frog stings you!
* * * LOW HITPOINT WARNING * * *
You hit the spiny frog.
The spiny frog is severely wounded.
You hit the crocodile but do no damage. You block the spiny frog's attack.
You block the crocodile's attack.
Your plate armour prevents you from hitting the spiny frog.
The spiny frog is severely wounded.
You hit the crocodile.
Lightning courses through the crocodile!
The spiny frog stings you!
* * * LOW HITPOINT WARNING * * *
The crocodile bites you!
You die...

......###...........[#.#
.......##............###
.....#####.............#
....#.# ###.#........##
.....## ###..###..##
.....# ######..# .....#
####.#..## ....##
##.#...$...##.# .....#
#......@......# ......P
#.....Ft.....## ......#
.............# .......
##..........## .......
#.........##.# .......
###.(....## ## .......
##.#...# ....... ###..#.
.......


You could see a spiny frog and a crocodile.

Vanquished Creatures
  2 hydras
  2 two-headed ogres
  A tengu warrior (D:10)
  5 spiny frogs
  A troll (D:10)
  4 blink frogs
  3 hippogriffs (D:8)
  11 yaks
  A vampire (D:10)
  A hungry ghost (D:10)
  A vampire mosquito (D:8)
  Menkaure (D:6)
  4 nagas (Lair:2)
  6 water moccasins
  14 porcupines
  5 ice beasts
  5 orc warriors
  A sky beast (D:8)
  2 black bears (D:10)
  A swamp drake (D:10)
  An eye of draining (D:10)
  8 ogres
  A necrophage (D:5)
  5 phantoms
  3 centaurs
  2 wolves
  4 crocodiles
  Blork the orc (D:4)
  16 bullfrogs
  4 scorpions
  3 wights (D:8)
  An electric eel (Lair:1)
  2 crimson imps (D:6)
  A lava snake (D:10)
  2 jellies
  A bullfrog zombie (D:5)
  A quasit (D:10)
  A bullfrog skeleton (D:6)
  7 hounds
  7 orc priests
  A centaur skeleton (D:7)
  Crazy Yiuf (D:6)
  3 iguanas
  12 orc wizards
  4 worker ants
  A hound skeleton (D:10)
  3 worker ant zombies
  4 gnolls
  9 adders
  2 shadow imps
  4 oozes
  5 adder skeletons
  An adder zombie (D:9)
  A worm (D:2)
  2 dart slugs (D:1)
  6 leopard geckos
  40 orcs
  4 giant cockroaches
  6 goblins
  6 hobgoblins
  15 jackals
  5 quokkas
  3 ball pythons
  9 bats
  5 frilled lizards
  2 gnoll zombies (D:3)
  A jackal skeleton (D:4)
  8 kobolds
  7 rats
  5 fungi (D:10)
  7 plants (D:10)
324 creatures vanquished.

Vanquished Creatures (others)
  A two-headed ogre (D:8)
  The ghost of sour the Geomancer, a novice OpEE (D:5)
  2 orc warriors (D:6)
  A wolf (Lair:3)
  A centaur (D:10)
  A crimson imp (D:8)
  38 fungi (D:10)
  16 plants (D:10)
61 creatures vanquished.

Grand Total: 385 creatures vanquished

Notes
Turn   | Place    | Note
-------+----------+-------------------------------------------
     0 | Abyss:1  | Gargoyl the Centaur Abyssal Knight began the quest for the
                  | Orb.
     0 | Abyss:1  | Reached XP level 1. HP: 19/19 MP: 2/2
   148 | Abyss:2  | Noticed a ynoxinul
   148 | D:1      | Escaped the Abyss
   247 | D:1      | Reached * piety under Lugonu
   254 | D:1      | Reached XP level 2. HP: 21/26 MP: 3/3
   879 | D:1      | Reached XP level 3. HP: 30/31 MP: 4/4
   964 | D:2      | Reached skill level 1 in Dodging
  1122 | D:2      | Reached ** piety under Lugonu
  1454 | D:2      | Reached XP level 4. HP: 16/38 MP: 5/5
  1645 | D:2      | Found a shimmering altar of Xom.
  2256 | D:3      | You fall into a shaft and drop 2 floors!
  2256 | D:5      | Entered Level 5 of the Dungeon
  2284 | D:5      | Noticed an ogre
  2290 | D:5      | Killed an ogre
  2290 | D:5      | Reached XP level 5. HP: 35/46 MP: 7/7
  2363 | D:3      | Found a hazy altar of Hepliaklqana.
  2384 | D:4      | Found a staircase to the Ecumenical Temple.
  2468 | D:4      | Noticed a phantom
  2468 | D:4      | Noticed a phantom
  2496 | D:4      | Killed a phantom
  2496 | D:4      | Reached skill level 3 in Invocations
  2496 | D:4      | Reached XP level 6. HP: 28/52 MP: 8/8
  2854 | D:4      | Found a shimmering altar of Xom.
  2855 | D:4      | Noticed Blork the orc
  3501 | D:3      | Found a basalt altar of Yredelemnul.
  3533 | D:4      | Killed Blork the orc
  3753 | D:4      | Reached XP level 7. HP: 59/59 MP: 9/9
  3855 | D:4      | Found a bloodstained altar of Trog.
  4040 | D:4      | Reached *** piety under Lugonu
  4761 | D:5      | Reached skill level 4 in Invocations
  4887 | D:5      | Found a transporter.
  4887 | D:5      | Noticed sour's ghost (novice OpEE)
  4892 | D:5      | Found a transporter.
  5270 | D:5      | Reached XP level 8. HP: 62/67 MP: 11/11
  5985 | D:5      | Banished sour's ghost
  5985 | D:5      | Reached skill level 5 in Axes
  5985 | D:5      | Reached skill level 5 in Armour
  6243 | D:5      | Reached skill level 5 in Dodging
  6243 | D:5      | Reached skill level 7 in Invocations
  6243 | D:5      | Reached XP level 9. HP: 74/74 MP: 11/14
  6244 | D:5      | Reached skill level 5 in Throwing
  6244 | D:5      | Reached skill level 8 in Invocations
  6244 | D:5      | Reached XP level 10. HP: 83/83 MP: 11/16
  6309 | D:6      | Found an opulent altar of Gozag.
  6373 | D:6      | Reached skill level 9 in Invocations
  6960 | D:6      | Noticed Menkaure
  6966 | D:6      | Killed Menkaure
  7167 | D:6      | Found Goheshasue's Book Shop.
  7236 | D:6      | Found a white marble altar of Elyvilon.
  7519 | D:6      | Found a deep blue altar of Sif Muna.
  7708 | D:6      | Found a runed translucent door.
  7709 | D:6      | Noticed Crazy Yiuf
  7839 | D:6      | Killed Crazy Yiuf
  9782 | D:8      | Noticed Prince Ribbit
  9826 | D:8      | Banished Prince Ribbit
 10198 | D:8      | Found a shadowy altar of Dithmenos.
 10224 | D:8      | Reached XP level 11. HP: 58/90 MP: 17/17
 10482 | D:8      | Noticed Erica
 10500 | D:8      | Banished Erica
 11120 | D:8      | Noticed a two-headed ogre
 11127 | D:8      | Killed a two-headed ogre
 11191 | D:8      | Reached **** piety under Lugonu
 11473 | D:8      | Noticed a two-headed ogre
 11489 | D:8      | Banished a two-headed ogre
 11999 | D:8      | Got a crystal flail
 12000 | D:8      | Identified the +5 flail "Oppuhepn" {elec, *Noise +Blink
                  | rElec SInv} (You found it on level 8 of the Dungeon)
 12508 | D:9      | Noticed a two-headed ogre
 12516 | D:9      | Killed a two-headed ogre
 13175 | D:9      | Found an ancient bone altar of Kikubaaqudgha.
 13175 | D:9      | Found a snail-covered altar of Cheibriados.
 13406 | D:10     | Entered Level 10 of the Dungeon
 13444 | D:10     | Reached skill level 1 in Maces & Flails
 14087 | D:10     | Found a staircase to the Lair.
 14938 | D:10     | Noticed a tengu warrior
 14954 | D:10     | Gained mutation: Your natural rate of healing is unusually
                  | fast. [potion of mutation]
 14954 | D:10     | Gained mutation: Your system is resistant to poisons.
                  | (rPois) [potion of mutation]
 14954 | D:10     | Gained mutation: You are partially covered in rugged brown
                  | scales. (AC +1, +3% HP) [potion of mutation]
 14955 | D:10     | Killed a tengu warrior
 14955 | D:10     | Reached skill level 10 in Invocations
 15113 | D:10     | Found Siun's Distillery.
 15116 | D:10     | Bought a potion of heal wounds for 75 gold pieces
 15116 | D:10     | Bought a potion of curing for 45 gold pieces
 15116 | D:10     | Bought a potion of curing for 45 gold pieces
 15116 | D:10     | Bought a potion of curing for 45 gold pieces
 15193 | D:10     | Reached XP level 12. HP: 75/103 MP: 19/19
 15414 | D:10     | Found a staircase to the Orcish Mines.
 15712 | Lair:1   | Entered Level 1 of the Lair of Beasts
 15935 | D:10     | Reached skill level 1 in Shields
 16256 | Lair:1   | Reached ***** piety under Lugonu
 16307 | Lair:1   | Found a sparkling altar of Nemelex Xobeh.
 16618 | Lair:2   | Noticed a four-headed hydra
 16625 | Lair:2   | Killed a one-headed hydra
 17003 | Lair:2   | Noticed an eight-headed hydra
 17186 | Lair:3   | Killed a one-headed hydra
 17296 | Lair:2   | Found a staircase to the Snake Pit.
 17810 | Lair:2   | Slain by a crocodile

Levels and vault maps discovered:
D:1:      dpeg_arrival_pits, layout_basic, serial_glass, glass_columns_a,
          glass_columns_a, feat_on_display, due_unseen_surprise,
          minmay_tiny_reverse_x
D:2:      layout_rooms, minmay_curled_crystal, minmay_misc_feat_pillars, tgw_xom
D:3:      layout_basic, nicolae_overflow_hidden_temple,
          lemuel_zombie_altar_yredelemnul, chequers_mini_garden
D:4:      cheibrodos_barr_body, layout_cave_pools, bloody_trog,
          kennysheep_mini_moat, minmay_temple_entry_statues, uniq_blork_the_orc
D:5:      layout_loops_ring, gammafunk_ghost_smash, first_ration
D:6:      layout_loops_ring, overflow_temple_1_default,
          nicolae_gozag_seed_capital, serial_shops, shop_fountains,
          lemuel_blue_sif_altar, uniq_crazy_yiuf_cottage, uniq_menkaure
D:7:      layout_gridville
D:8:      kennysheep_windowed_halls, layout_cave_pools,
          nicolae_overflow_crystal_walls, serial_park, enter_bailey_2,
          uniq_erica, uniq_prince_ribbit1
D:9:      layout_cave_pods, gammafunk_temple_overflow_wave
D:10:     layout_loops_ring, due_lair_maze_entry_diamond, erik_orc_1,
          serial_shops, kennysheep_mini, grunt_tengu_nest,
          serial_park_tiny_pond, solitary_fountain,
          chequers_serial_rivers_small_3, kennysheep_generic_room_4
Lair:1:   layout_misc_corridors, basic_altar, infiniplex_staircase_pool,
          grunt_megastairs_1, lemuel_fruit_fields
Lair:2:   layout_cave_pods, guppyfry_snake_entry_garden, grunt_megastairs_3
Lair:3:   layout_regular_city, minmay_shoals_entry_hut,
          portal_ice_cave_entry_imps, small_statue_intersection,
          guppyfry_lair_drakes, grunt_megastairs_4, serial_bayou_shore_b,
          serial_bayou_shore_b, serial_bayou_shore_b

Skill      XL: |  1  2  3  4  5  6  7  8  9 10 11 12 |
---------------+-------------------------------------+-----
Axes           | 2 3 4 6 7 8 9 |  9.0
Dodging        | 1 2 5 6 7 |  7.2
Armour         | 2 3 4 6 7 8 9 |  9.5
Invocations    | 3 4 7 8 9 10 | 10.5
Fighting       | 4 6 7 8 |  8.0
Throwing       | 4 5 |  5.2
Maces & Flails | 1 |  1.2
Shields        | 1 |  1.9

Action                   |  1- 3 |  4- 6 |  7- 9 | 10-12 || total
-------------------------+-------+-------+-------+-------++-------
Melee: Hand axe          |   107 |   163 |    87 |   381 ||   738
       Kick              |    10 |    29 |    39 |   210 ||   288
       Broad axe         |       |       |    52 |   356 ||   408
       Flail             |       |       |       |    99 ||    99
Throw: Boomerang         |       |       |       |     6 ||     6
Invok: Depart the Abyss  |     1 |       |       |       ||     1
       Banish            |       |       |     1 |    10 ||    11
       Bend Space        |       |       |       |     1 ||     1
Evoke: Wand              |       |     8 |       |       ||     8
  Use: Scroll            |     5 |     3 |     3 |    11 ||    22
       Potion            |     1 |     7 |     2 |     7 ||    17
  Eat: Chunk             |     1 |     6 |     7 |    24 ||    38
       Ration            |       |       |       |     4 ||     4
Armor: Chain mail        |    16 |       |       |       ||    16
       Plate armour      |   116 |   121 |   112 |   690 ||  1039
       Skin              |       |     7 |       |     3 ||    10
Dodge: Dodged            |    19 |    24 |    27 |   271 ||   341
Block: Buckler           |       |       |       |    65 ||    65
       Shield            |       |       |       |   114 ||   114

Table legend:
 A = Non-vault XP
 B = Vault XP
 C = Vault XP percentage of total XP
 D = Non-vault monster count
 E = Vault monster count
 F = Vault count percentage of total count
                 A         B        C        D         E       F
            +---------+---------+-------+---------+---------+-------
      Total |   17313 |    9204 |  34.7 |     244 |      77 |  24.0
            +---------+---------+-------+---------+---------+-------
        D:1 |      39 |       2 |   4.9 |      21 |       2 |   8.7
        D:2 |      60 |      14 |  18.9 |      23 |       1 |   4.2
        D:3 |      73 |       2 |   2.7 |      17 |       2 |  10.5
        D:4 |     434 |     409 |  48.5 |      18 |      10 |  35.7
        D:5 |     724 |     602 |  45.4 |      13 |       3 |  18.8
        D:6 |    1191 |     208 |  14.9 |      31 |       2 |   6.1
        D:7 |     422 |      84 |  16.6 |       9 |       1 |  10.0
        D:8 |     841 |    4132 |  83.1 |      15 |      19 |  55.9
        D:9 |    2914 |       0 |   0.0 |      38 |       0 |   0.0
       D:10 |    2468 |    2522 |  50.5 |      24 |      29 |  54.7
     Lair:1 |    3874 |       0 |   0.0 |      19 |       0 |   0.0
     Lair:2 |    2909 |    1084 |  27.1 |      12 |       7 |  36.8
     Lair:3 |    1364 |     145 |   9.6 |       4 |       1 |  20.0
            +---------+---------+-------+---------+---------+-------
